 Dungeon Crawl Stone Soup version 0.32-a0-818-gb728d0252e (webtiles) character file.

Game seed: 10924086373812339648

13 cforsyth the Caller (level 2, -7/20 HPs)
             Began as a Mountain Dwarf Summoner on Mar 24, 2024.
             Killed from afar by Sigmund (11 damage)
             ... with a puff of flame
             ... on level 1 of the Dungeon.
             The game lasted 00:04:03 (1255 turns).

cforsyth the Caller (Mountain Dwarf Summoner)       Turns: 1255, Time: 00:04:04

Health: -7/20      AC:  2    Str: 10    XL:     2   Next: 24%
Magic:  3/5        EV: 10    Int: 15    God:
Gold:   56         SH:  0    Dex: 10    Spells: 2/5 levels left

rFire   . . .        (no weapon)
rCold   . . .        (no shield)
rNeg    . . .        a - +0 robe
rPois   .            (no helmet)
rElec   .            (no cloak)
rCorr   .            (no gloves)
SInv    .            (no boots)
Will    .....        (no amulet)
Stlth   +            (no ring)
HPRegen 0.23/turn    (no ring)
MPRegen 0.09/turn

%: no passive effects
@: confused
A: runic magic, artefact enchanting
a: no special abilities


You were on level 1 of the Dungeon.
You visited 1 branch of the dungeon, and saw 2 of its levels.

You collected 56 gold pieces.


Innate Abilities, Weirdness & Mutations

Your spellcasting is much less encumbered by armour.
You can use scrolls of enchantment on lesser artefacts.


   Skills:
 + Level 1.1 Armour
 - Level 1.3 Dodging
 - Level 1.4 Stealth
 + Level 2.0 Spellcasting
 + Level 4.2 Summonings


You had 2 spell levels left.
You knew the following spells:

 Your Spells              Type           Power      Damage    Failure   Level
c - Call Imp              Summ           28%        N/A       6%          2
z - Summon Small Mammal   Summ           56%        N/A       4%          1

Your spell library contained the following spells:

 Spells                   Type           Power      Damage    Failure   Level
 Call Canine Familiar     Summ           14%        N/A       12%         3
 Fugue of the Fallen      Necr           1%         N/A       54%         3
 Ozocubu's Armour         Ice            1%         N/A       54%         3
 Summon Blazeheart Golem  Fire/Summ      7%         N/A       67%         4
 Summon Lightning Spire   Summ/Air       7%         N/A       67%         4
 Ignite Poison            Fire/Alch      1%         N/A       91%         4
 Manifold Assault         Tloc           1%         N/A       91%         4
 Sticky Flame             Fire/Alch      1%         2d4       91%         4
 Ignition                 Fire           0%         3d3       100%        8

Inventory:

Armour
 a - a +0 robe (worn)
Scrolls
 c - a scroll of amnesia {unknown}
 d - a scroll of identify {unknown}
Potions
 b - a potion of magic

Dungeon Overview and Level Annotations

Branches:
Dungeon (2/15)

Altars:

Annotations:
D:1 Sigmund
D:2 Jessica, Natasha

#####.#####..# ###.#####
....#........# #.......#
###.#######.## #.#.###.#
#.# ##'## #.....#.# ###.#
##...## #.#.#.#.# ..#.##
##..)..## #.......#
.....###.......##
###.#..##
.....##.........####..)#.#
......'.........@........#
..ß..##......{.>####...#[#
.....###.......## ##.##.#
.....# ##.....## ####.#
.5@..# ##..(## #.# .....#
##'## #.# .§...# #.# #.#
.rß.## #.# #########.#
....#######.## #.........#


There were no monsters in sight!


Message History

Level annotation: Sigmund Sigmund casts a spell at you.
You are confused.
There is a stone staircase leading down here.
Unknown command.
Sigmund casts a spell at you.
You are more confused.
There is a stone staircase leading down here.
Unknown command.
You bump into the rock wall.
Sigmund casts a spell.
Sigmund flickers and vanishes!
Deactivating autopickup; reactivate with Ctrl-A.
You bump into the rock wall.
You are more confused.
You bump into the rock wall.
Something hits you!
There is a stone staircase leading down here.
There is an open door here.
Something hits you.
There is a stone staircase leading down here.
You bump into the rock wall.
Something hits you.
* * * LOW HITPOINT WARNING * * *
There is an open door here.
Unknown command.
Something hits you.
* * * LOW HITPOINT WARNING * * *
A puff of flame appears from out of thin air!
The puff of flame hits you!
Ouch! That really hurt!
You die...

Skill      XL: |  1  2 |
---------------+-------+-----
Spellcasting   | 2 |  2.0
Armour         | 1 |  1.1
Dodging        | |  1.3
Stealth        | |  1.4
Summonings     | |  4.2

Action                     || total
---------------------------++-------
  Melee: Unarmed           ||    27
   Cast: Summon Small Mamm ||    26
         Call Imp          ||     4
 Armour: Robe              ||    32
  Dodge: Dodged            ||    25

Levels and vault maps discovered:
D:1:      psy_arrival_statuary, layout_loops_corners,
          chequers_serial_rivers_small_3, st_stairs_1
D:2:      layout_loops_ring, hellmonk_ecumenical_altar_zigzags, hex_large,
          hangedman_feature_mirror, uniq_natasha, uniq_sigmund, uniq_jessica

Notes
Turn   | Place    | Note
-------+----------+-------------------------------------------
     0 | D:1      | cforsyth the Mountain Dwarf Summoner began the quest for
                  | the Orb.
     0 | D:1      | Reached XP level 1. HP: 14/14 MP: 3/3
   271 | D:1      | Reached skill level 2 in Spellcasting
   524 | D:1      | Reached XP level 2. HP: 20/20 MP: 1/5
   794 | D:1      | Reached skill level 1 in Armour
   797 | D:1      | Learned a level 2 spell: Call Imp
  1092 | D:2      | Noticed Sigmund
  1114 | D:1      | HP: 2/20 [something/puff of flame (10)]
  1200 | D:2      | Noticed Natasha
  1201 | D:2      | Noticed Jessica
  1255 | D:1      | Killed from afar by Sigmund

Vanquished Creatures
  An endoplasm (D:1)
  3 bats (D:1)
4 creatures vanquished.

Vanquished Creatures (collateral kills)
  A bat (D:1)
  An endoplasm (D:2)
  A goblin (D:1)
  A quokka (D:1)
  A ball python (D:1)
  2 frilled lizards (D:1)
  2 kobolds (D:1)
  A rat (D:1)
10 creatures vanquished.

Grand Total: 14 creatures vanquished

Table legend: (Time is in decaauts)
 A = Elapsed time spent in this place.
 B = Non-inter-level travel time spent in this place.
 C = Inter-level travel time spent in this place.
 D = Time resting spent in this place.
 E = Time spent auto-exploring this place.
 F = Levels seen in this place.
 G = Mean time per level.
                   A        B        C        D        E       F      G
               +--------+--------+--------+--------+--------+-----+--------+
         Total |   1261 |   1219 |     42 |      2 |    984 |   2 |  630.5 |
       Dungeon |   1261 |   1219 |     42 |      2 |    984 |   2 |  630.5 |
               +--------+--------+--------+--------+--------+-----+--------+

Top non-repeatable levels by time:
     D:1: 1137 daAuts
     D:2: 124 daAuts

Table legend:
 A = Non-vault XP
 B = Vault XP
 C = Vault XP percentage of total XP
 D = Non-vault monster count
 E = Vault monster count
 F = Vault count percentage of total count
                 A         B        C        D         E       F
            +---------+---------+-------+---------+---------+-------
      Total |      15 |       4 |  21.1 |      10 |       4 |  28.6
            +---------+---------+-------+---------+---------+-------
        D:1 |      13 |       4 |  23.5 |       9 |       4 |  30.8
        D:2 |       2 |       0 |   0.0 |       1 |       0 |   0.0
            +---------+---------+-------+---------+---------+-------
